 Dungeon Crawl Stone Soup version 0.30-a0-141-g30f27751c5 (webtiles) character file.

Game seed: 773086751566520772

212 qw the Chopper (level 5, -3/32 HPs)
             Began as a Gargoyle Fighter on Sept 25, 2022.
             Slain by a gnoll bouda
             ... wielding a +0 whip of venom
              (6 damage)
             ... on level 4 of the Dungeon.
             The game lasted 00:01:10 (3385 turns).

qw the Chopper (Gargoyle Fighter)                   Turns: 3385, Time: 00:01:11

Health: -3/32      AC: 16    Str: 22    XL:     5   Next: 90%
Magic:  5/5        EV:  6    Int:  8    God:
Gold:   189        SH:  4    Dex:  9    Spells: 4/4 levels left

rFire   . . .      SeeInvis .    Y - +0 war axe
rCold   . . .      Faith    .    c - +0 buckler
rNeg    + + .      Spirit   .    q - +0 plate armour
rPois   inf        Reflect  .    i - +0 helmet
rElec   +          Harm     .    (no cloak)
rCorr   .          Rampage  .    (no gloves)
Will    .....                    (no boots)
Stlth   ..........               (no amulet)
HPRegen 0.10/turn                e - ring of positive energy
MPRegen 0.09/turn                (no ring)

@: weakened
A: sickness immunity, AC +4, negative energy resistance 1, electricity
resistance, torment resistance 1, petrification resistance
a: no special abilities


You were on level 4 of the Dungeon.
You visited 1 branch of the dungeon, and saw 4 of its levels.

You collected 189 gold pieces.


Innate Abilities, Weirdness & Mutations

You are immune to sickness and miasma.
Your stone body is resilient. (AC +4)
You are immune to poison.
You resist negative energy. (rN+)
You are resistant to electric shocks. (rElec)
You are resistant to unholy torment.
You are immune to petrification.


   Skills:
 + Level 3.5 Fighting
 - Level 5.1 Axes
 - Level 1.0 Throwing
 - Level 3.2 Armour
 - Level 3.2 Shields


You had 4 spell levels left.
You didn't know any spells.
Your spell library was empty.

Inventory:

Hand Weapons
 j - a +0 whip
 Y - a +0 war axe (weapon)
Missiles
 g - 2 boomerangs
 l - 3 javelins (quivered)
Armour
 c - a +0 buckler (worn)
 i - a +0 helmet (worn)
 q - a +0 plate armour (worn)
Jewellery
 e - a ring of positive energy (left hand)
Potions
 a - a potion of resistance {unknown}
 b - 2 potions of curing {unknown}
 d - a potion of might
 f - a potion of degeneration {unknown}
 h - a potion of flight {unknown}
 k - a potion of attraction {unknown}

Dungeon Overview and Level Annotations

Branches:
Dungeon (4/15)
 Temple: D:4-7

Altars:
Ashenzari
Makhleb
Nemelex Xobeh


Message History

You hit the gnoll bouda but do no damage.
The gnoll bouda is heavily wounded.
The gnoll bouda hits you but does no damage.
You barely miss the gnoll bouda.
The gnoll bouda is heavily wounded.
The gnoll bouda mumbles some strange prayers to its god.
The gnoll bouda is healed somewhat.
The gnoll bouda barely misses you.
You barely miss the gnoll bouda.
The gnoll bouda is moderately wounded.
The gnoll bouda hits you but does no damage.
You closely miss the gnoll bouda.
The gnoll bouda is moderately wounded.
The gnoll bouda barely misses you.
You closely miss the gnoll bouda.
The gnoll bouda is moderately wounded.
The gnoll bouda hits you with a +0 whip of venom.
The gnoll bouda gazes fiercely through you!
You feel your attacks grow feeble. The gnoll bouda completely misses you.
You closely miss the gnoll bouda.
The gnoll bouda is moderately wounded.
The gnoll bouda hits you but does no damage.
You slash the gnoll bouda!
The gnoll bouda is severely wounded.
The gnoll bouda hits you but does no damage. x2
You hit the gnoll bouda.
The gnoll bouda is severely wounded.
You block the gnoll bouda's attack.
You closely miss the gnoll bouda.
The gnoll bouda is severely wounded.
The gnoll bouda gazes fiercely through you!
You feel as though you will be weak longer.
The gnoll bouda hits you with a +0 whip of venom.
You hit the gnoll bouda.
The gnoll bouda is almost dead.
The gnoll bouda hits you with a +0 whip of venom.
You hit the gnoll bouda but do no damage.
The gnoll bouda is almost dead.
The gnoll bouda hits you with a +0 whip of venom. x2
You die...

###########
!..(.Sg@..########
.########........#
########>#


You could see a gnoll bouda and a ball python.

Vanquished Creatures
  An iguana (D:4)
  An orc wizard (D:4)
  Robin (D:3)
  3 adders (D:3)
  A gnoll (D:4)
  3 dart slugs
  13 orcs
  4 endoplasms
  3 giant cockroaches
  21 goblins
  5 hobgoblins
  3 quokkas
  10 ball pythons
  6 bats
  3 frilled lizards
  9 kobolds
  7 rats
94 creatures vanquished.

Vanquished Creatures (others)
  2 fungi (D:1)
  A plant (D:1)
3 creatures vanquished.

Grand Total: 97 creatures vanquished

Notes
Turn   | Place    | Note
-------+----------+-------------------------------------------
     0 | D:1      | qw the Gargoyle Fighter began the quest for the Orb.
     0 | D:1      | Reached XP level 1. HP: 14/14 MP: 1/1
     0 | D:1      | 0 ||| qw: Version: 0.2-a-9-g4872b50
     0 | D:1      | 0 ||| qw: Game counter: 82
     0 | D:1      | 0 ||| qw: Always use a shield: true
     0 | D:1      | 0 ||| qw: God list: Okawaru
     0 | D:1      | 0 ||| qw: Allow faded altars: false
     0 | D:1      | 0 ||| qw: Do Orc after D:15 true
     0 | D:1      | 0 ||| qw: Do second Lair branch before Depths: true
     0 | D:1      | 0 ||| qw: Lair rune preference: random
     0 | D:1      | 0 ||| qw: Plans: Normal, Zot:1-4, God:TSO, Crypt, Tomb,
                  | Pan, Slime:5, Hells, Abyss, Orb
     0 | D:1      | 0 ||| PLANNING D:1-11
    23 | D:1      | Reached skill level 2 in Axes
    37 | D:1      | 37 ||| Stepping ~*~*~tactically~*~*~ (stealth).
    47 | D:1      | Reached XP level 2. HP: 19/19 MP: 2/2
   187 | D:1      | 187 ||| Stepping ~*~*~tactically~*~*~ (stealth).
   188 | D:1      | 188 ||| Stepping ~*~*~tactically~*~*~ (stealth).
   230 | D:1      | 230 ||| Stepping ~*~*~tactically~*~*~ (stealth).
   334 | D:1      | Reached skill level 3 in Axes
   355 | D:1      | Found a faded altar of an unknown god.
   358 | D:1      | 358 ||| Stepping ~*~*~tactically~*~*~ (hiding).
   402 | D:1      | Reached XP level 3. HP: 22/23 MP: 3/3
   424 | D:1      | 424 ||| Stepping ~*~*~tactically~*~*~ (stealth).
   454 | D:1      | 454 ||| DROPPING +0 club.
   812 | D:1      | 812 ||| UPGRADING to ring of positive energy.
   813 | D:1      | 813 ||| READING scroll labelled TIMAEK NORHAO.
   814 | D:1      | 814 ||| READING scroll labelled GEUDASCH HEFRI.
  1196 | D:2      | 1196 ||| Stepping ~*~*~tactically~*~*~ (stealth).
  1198 | D:2      | 1198 ||| Stepping ~*~*~tactically~*~*~ (stealth).
  1239 | D:2      | Reached XP level 4. HP: 28/28 MP: 4/4
  1675 | D:2      | 1675 ||| READING scroll labelled OKOKHL TAKH.
  1676 | D:2      | 1676 ||| READING scroll labelled AJOSMEBOSA.
  1751 | D:3      | Identified the +1 robe of Saopec {Dex+5}
  1772 | D:3      | Found a broken altar of Ashenzari.
  1822 | D:3      | 1822 ||| Stepping ~*~*~tactically~*~*~ (stealth).
  1826 | D:3      | Noticed Robin
  1827 | D:3      | Reached skill level 4 in Axes
  1827 | D:3      | 1827 ||| Stepping ~*~*~tactically~*~*~ (hiding).
  1828 | D:3      | 1828 ||| Stepping ~*~*~tactically~*~*~ (stealth).
  1829 | D:3      | 1829 ||| Stepping ~*~*~tactically~*~*~ (hiding).
  1838 | D:3      | HP: 6/28 [Robin/+0 trident (5)]
  1844 | D:3      | Killed Robin
  2136 | D:3      | Found a burning altar of Makhleb.
  2238 | D:3      | 2238 ||| Stepping ~*~*~tactically~*~*~ (stealth).
  2257 | D:3      | Reached skill level 1 in Throwing
  2523 | D:3      | Reached XP level 5. HP: 30/32 MP: 5/5
  2661 | D:3      | Identified the +3 ring mail of the Merchant {rPois Int+3}
  2891 | D:3      | Found a sparkling altar of Nemelex Xobeh.
  2929 | D:3      | 2929 ||| UPGRADING to +0 helmet.
  2934 | D:3      | 2934 ||| UPGRADING to +3 ring mail of the Merchant {rPois
                  | Int+3}.
  2944 | D:3      | 2944 ||| DROPPING +0 scale mail.
  2945 | D:3      | 2945 ||| UPGRADING to +0 plate armour.
  2955 | D:3      | 2955 ||| DROPPING +3 ring mail of the Merchant {rPois
                  | Int+3}.
  2956 | D:3      | 2956 ||| READING scroll labelled YGAABE UWNI.
  2957 | D:3      | 2957 ||| READING scroll labelled MAFYBL TAANK.
  3102 | D:4      | Reached skill level 5 in Axes
  3104 | D:4      | HP: 6/32 [orc/+2 dagger of venom (3)]
  3105 | D:4      | 3105 ||| READING scroll of teleportation.
  3384 | D:4      | HP: 8/32 [gnoll bouda/+0 whip of venom (5)]
  3385 | D:4      | HP: 3/32 [gnoll bouda/+0 whip of venom (5)]
  3385 | D:4      | Slain by a gnoll bouda

Levels and vault maps discovered:
D:1:      minmay_arrival_cross, layout_loops_cross,
          shapermc_ecumenical_altar_mp_ritualfount
D:2:      layout_basic, minmay_tetromino_l2
D:3:      layout_loops_ring, ashenzari_altar_1, mainiacjoe_overflow_alcove_4,
          nicolae_overflow_hidden_temple, st_stairs_1,
          amcnicky_mini_corridor_feature, minmay_goblin_kobold_house, uniq_robin
D:4:      layout_loops_ring

Skill      XL: |  1  2  3  4  5 |
---------------+----------------+-----
Axes           | 2 3 4 5 |  5.1
Throwing       | 1 |  1.0
Fighting       | |  3.5
Armour         | |  3.2
Shields        | |  3.2

Action                   |  1- 3 |  4- 6 || total
-------------------------+-------+-------++-------
Melee: War axe           |   130 |   120 ||   250
Throw: Boomerang         |     7 |     1 ||     8
       Javelin           |       |    20 ||    20
  Use: Scroll            |     2 |     5 ||     7
Armor: Scale mail        |    71 |    47 ||   118
       Plate armour      |       |    39 ||    39
Dodge: Dodged            |    60 |    45 ||   105
Block: Buckler           |    27 |    24 ||    51

Table legend:
 A = Non-vault XP
 B = Vault XP
 C = Vault XP percentage of total XP
 D = Non-vault monster count
 E = Vault monster count
 F = Vault count percentage of total count
                 A         B        C        D         E       F
            +---------+---------+-------+---------+---------+-------
      Total |     254 |      50 |  16.4 |      74 |      20 |  21.3
            +---------+---------+-------+---------+---------+-------
        D:1 |      55 |       0 |   0.0 |      34 |       0 |   0.0
        D:2 |      26 |       3 |  10.3 |      13 |       2 |  13.3
        D:3 |      73 |      47 |  39.2 |      18 |      18 |  50.0
        D:4 |     100 |       0 |   0.0 |       9 |       0 |   0.0
            +---------+---------+-------+---------+---------+-------
